 Dungeon Crawl Stone Soup version 0.23-a0-650-ga4d50d4 (console) character file.

387 Duffy the Firebug (level 6, 16/42 HPs)
             Began as a Demonspawn Fire Elementalist on Jan 4, 2019.
             Quit the game in an ossuary.
             The game lasted 00:06:32 (3947 turns).

Duffy the Firebug (Demonspawn Fire Elementalist)    Turns: 3947, Time: 00:06:32

Health: 16/42      AC:  6    Str: 13    XL:     6   Next: 49%
Magic:  8/11       EV: 12    Int: 19    God:
Gold:   72         SH:  0    Dex: 13    Spells: 4/12 levels left

rFire    + . .     SeeInvis .     - Unarmed
rCold    . . .     Gourm    .   (no shield)
rNeg     . . .     Faith    .   a - +0 robe
rPois    .         Spirit   .   e - +2 helmet
rElec    .         Reflect  .   (no cloak)
rCorr    .         Harm     .   (no gloves)
MR       .....                  (no boots)
Stlth    ++........             (no amulet)
HPRegen  1.14/turn              q - ring of flight
MPRegen  0.12/turn              (no ring)

@: mighty, very slightly contaminated, slowed, very slow
A: claws 1, rugged brown scales 1, fire resistance 1, powered by death 1
a: Evoke Flight


You were in an ossuary.
You were not hungry.

You visited 1 branch of the dungeon, and saw 4 of its levels.
You also visited: Ossuary.

You collected 72 gold pieces.

Inventory:

Armour
 a - a +0 robe (worn)
 e - a +2 helmet (worn)
Jewellery
 p - the ring "Aqosowk" {Ice rElec Str+3 Dex+2}
   (You found it on level 4 of the Dungeon)

   [ring of ice]

   It enhances your ice magic.
   It affects your strength (+3).
   It affects your dexterity (+2).
   It makes you vulnerable to fire.
   It protects you from cold.
   It insulates you from electricity.
 q - a ring of flight (left claw)
Scrolls
 d - a scroll of blinking
 f - a scroll of enchant weapon
 h - 2 scrolls of teleportation {unknown}
 i - 4 scrolls of identify {unknown}
 k - 2 scrolls of magic mapping
 l - 2 scrolls of enchant armour
 r - a scroll of silence {unknown}
Potions
 b - 3 potions of curing
 g - a potion of flight {unknown}
 j - a potion of brilliance {unknown}
 m - a potion of magic {unknown}
 n - a potion of invisibility
 o - a potion of might
 s - a potion of haste {unknown}
 t - 2 potions of resistance {unknown}
 u - a potion of heal wounds {unknown}
 v - a potion of ambrosia {unknown}
Comestibles
 c - 10 rations


   Skills:
 - Level 1.7 Dodging
 - Level 1.7 Stealth
 + Level 2.3 Unarmed Combat
 + Level 3.7 Spellcasting
 + Level 3.4 Conjurations
 + Level 4.1 Fire Magic


You had 4 spell levels left.
You knew the following spells:

 Your Spells              Type           Power        Failure   Level  Hunger
h - Flame Tongue          Conj/Fire      ###..        3%          1    None
j - Sticky Flame          Conj/Fire      ###.....     28%         4    ####...
l - Conjure Flame         Conj/Fire      ###.....     9%          3    ###....

Your spell library contained the following spells:

 Spells                   Type           Power        Failure   Level  Hunger
 Throw Flame              Conj/Fire      ###...       4%          2    ##.....
 Inner Flame              Hex/Fire       ##......     19%         3    ###....
 Fireball                 Conj/Fire      ###.......   63%         5    ######.


Dungeon Overview and Level Annotations

Branches:
Dungeon (4/15)             Temple (0/1) D:4

Altars:
Nemelex Xobeh
Qazlal
Zin

Shops:
D:4 [

Annotations:
D:3 exclusions: orc and orc wizard
D:4 1 runed door


Innate Abilities, Weirdness & Mutations

You have sharp fingernails.
You are partially covered in rugged brown scales. (AC +1, +3% HP)
Your flesh is heat resistant. (rF+)
You regenerate a little health from kills.


Message History

The wraith is almost destroyed.
The wraith hits you. The wraith drains your vigour!
You feel as though you will be slow longer.
You barely miss the wraith.
The wraith is almost destroyed.
You flicker back into view.
The wraith hits you. The wraith drains your vigour!
You feel as though you will be slow longer.
You claw the wraith!
You destroy the wraith!
Your life force feels restored.
Your Unarmed Combat skill increases to level 2!
Your Fire Magic skill increases to level 4!
You have reached level 6!
Your experience leads to an increase in your attributes!
Your base attributes are Str 8, Int 18, Dex 13.
Increase (S)trength, (I)ntelligence, or (D)exterity?
You feel clever.
Your demonic ancestry asserts itself...
You feel resistant to heat.
Are you sure you want to abandon this character and quit the game? (Confirm

###.### #W#.#z#
###.### #.#
#######'#######
#..........)..#
#.'##.###.##'.#
#.#.#.# #.#.#.#
#.###.###.###@#
#.............#
#.............#
#.###.....###.#
#.#z#.....#z#.#
#.###.....###.#
#.............#
#.............#
#.###.###.###.#


You could see a flying skull.

Vanquished Creatures
  A wraith (Ossuary)
  A wight (Ossuary)
  A centaur zombie (Ossuary)
  An iguana (D:4)
  Robin (D:4)
  4 adders
  2 oozes (D:1)
  A worm (D:2)
  2 dart slugs
  A leopard gecko (D:1)
  4 orcs
  3 bats
  2 giant cockroaches (D:2)
  9 goblins
  8 hobgoblins
  10 jackals
  3 ball pythons
  2 ball python skeletons (Ossuary)
  5 frilled lizards
  A hobgoblin skeleton (Ossuary)
  A hobgoblin zombie (Ossuary)
  6 kobolds
  2 orc skeletons (Ossuary)
  2 orc zombies (Ossuary)
  3 rats
76 creatures vanquished.

Notes
Turn   | Place    | Note
-------+----------+-------------------------------------------
     0 | D:1      | Duffy the Demonspawn Fire Elementalist began the quest for
                  | the Orb.
     0 | D:1      | Reached XP level 1. HP: 13/13 MP: 3/3
   262 | D:1      | Gained mutation: You have sharp fingernails. [demonic
                  | ancestry]
   262 | D:1      | Reached XP level 2. HP: 8/19 MP: 0/5
   467 | D:1      | Reached skill level 3 in Fire Magic
   985 | D:1      | Found a sparkling altar of Nemelex Xobeh.
  1012 | D:1      | Gained mutation: You are partially covered in rugged brown
                  | scales. (AC +1, +3% HP) [demonic ancestry]
  1012 | D:1      | Reached XP level 3. HP: 19/24 MP: 2/6
  1312 | D:1      | Learned a level 3 spell: Conjure Flame
  1806 | D:2      | Found a stormy altar of Qazlal.
  2051 | D:2      | Reached XP level 4. HP: 30/30 MP: 1/8
  2133 | D:2      | Learned a level 4 spell: Sticky Flame
  2914 | D:4      | Got a twitching wooden ring
  2915 | D:4      | Identified the ring "Aqosowk" {Ice rElec Str+3 Dex+2} (You
                  | found it on level 4 of the Dungeon)
  2920 | D:4      | Found Gaitry Tank's Armour Emporium.
  2948 | D:4      | Reached skill level 1 in Unarmed Combat
  3033 | D:4      | Gained mutation: You regenerate a little health from kills.
                  | [demonic ancestry]
  3033 | D:4      | Reached XP level 5. HP: 20/36 MP: 4/9
  3222 | D:4      | Found a runed door.
  3259 | D:4      | Noticed Robin
  3295 | D:4      | Killed Robin
  3329 | D:4      | Found a glowing silver altar of Zin.
  3348 | D:4      | Found a staircase to the Ecumenical Temple.
  3429 | D:4      | Found a sand-covered staircase.
  3465 | Ossuary  | Entered an ossuary
  3721 | Ossuary  | Noticed a wraith
  3721 | Ossuary  | Noticed a flying skull
  3727 | Ossuary  | Noticed a flying skull
  3730 | Ossuary  | Noticed a flying skull
  3845 | Ossuary  | Noticed a wraith
  3945 | Ossuary  | Killed a wraith
  3945 | Ossuary  | Reached skill level 4 in Fire Magic
  3945 | Ossuary  | Gained mutation: Your flesh is heat resistant. (rF+)
                  | [demonic ancestry]
  3945 | Ossuary  | Reached XP level 6. HP: 13/42 MP: 8/11
  3947 | Ossuary  | Quit the game

Vault maps used:
D:1:      dpeg_arrival_castle, nemelex_xobeh_ov_fountains_minmay
D:2:      grunt_ministairs_11, grunt_qazlal_sundering
D:3:      uniq_terence
D:4:      nicolae_overflow_crystal_walls, temple_pool_b, serial_shops,
          shop_statue, nicolae_ossuary_entry_false_entrances, first_ration,
          uniq_robin, uniq_natasha, uniq_crazy_yiuf_cottage
Ossuary:  ossuary_due_cavern

Skill      XL: |  1  2  3  4  5 |
---------------+----------------+-----
Fire Magic     | 3 4 |  4.1
Conjurations   | 2 3 |  3.4
Unarmed Combat | 1 2 |  2.3
Spellcasting   | 3 |  3.7
Dodging        | |  1.7
Stealth        | |  1.7

Action                   |  1- 3 |  4- 6 || total
-------------------------+-------+-------++-------
Melee: Unarmed           |    43 |    97 ||   140
 Cast: Flame Tongue      |    60 |    57 ||   117
       Conjure Flame     |       |     2 ||     2
       Sticky Flame      |       |     1 ||     1
  Use: Scroll            |     6 |     2 ||     8
       Potion            |       |     3 ||     3
 Stab: Sleeping          |     1 |     4 ||     5
  Eat: Chunk             |     4 |     4 ||     8
       Ration            |       |     1 ||     1
Armor: Robe              |    21 |    36 ||    57
Dodge: Dodged            |    64 |    72 ||   136

Table legend:
 A = Non-vault XP
 B = Vault XP
 C = Vault XP percentage of total XP
 D = Non-vault monster count
 E = Vault monster count
 F = Vault count percentage of total count
                 A         B        C        D         E       F
            +---------+---------+-------+---------+---------+-------
      Total |     196 |     357 |  64.6 |      53 |      23 |  30.3
            +---------+---------+-------+---------+---------+-------
        D:1 |      51 |       0 |   0.0 |      22 |       0 |   0.0
        D:2 |      82 |       2 |   2.4 |      23 |       1 |   4.2
        D:3 |       7 |       0 |   0.0 |       4 |       0 |   0.0
        D:4 |      56 |      32 |  36.4 |       4 |      11 |  73.3
    Ossuary |       0 |     323 | 100.0 |       0 |      11 | 100.0
            +---------+---------+-------+---------+---------+-------
